 Dungeon Crawl Stone Soup version 0.26-a0-812-g31a745ddcd (webtiles) character file.

Game seed: 4185095026018874490

192 Lanoc the Stinger (level 5, -5/28 HPs)
             Began as a Deep Elf Venom Mage on Dec 9, 2020.
             Slain by an ogre
             ... wielding a +0 giant club
              (16 damage)
             ... on level 4 of the Dungeon.
             The game lasted 00:03:05 (2241 turns).

Lanoc the Stinger (Deep Elf Venom Mage)             Turns: 2241, Time: 00:03:06

Health: -5/28      AC:  4    Str:  5    XL:     5   Next: 42%
Magic:  17/20      EV: 14    Int: 21    God:
Gold:   162        SH:  0    Dex: 15    Spells: 5/10 levels left

rFire    . . .     SeeInvis .   (no weapon)
rCold    . . .     Faith    .   (no shield)
rNeg     + . .     Spirit   .   a - +0 robe
rPois    .         Reflect  .   f - +1 helmet
rElec    .         Harm     .   (no cloak)
rCorr    .         Rampage  .   (no gloves)
MR       .....                  (no boots)
Stlth    ++........             (no amulet)
HPRegen  0.09/turn              c - ring of positive energy
MPRegen  0.17/turn              i - ring of magical power

@: no status effects
A: no striking features
a: no special abilities


You were on level 4 of the Dungeon.
You visited 1 branch of the dungeon, and saw 4 of its levels.

You collected 162 gold pieces.

Inventory:

Armour
 a - a +0 robe (worn)
 f - a +1 helmet (worn)
Jewellery
 c - a ring of positive energy (left hand)
 i - a ring of magical power (right hand)
 m - a +6 ring of strength {unknown}
Wands
 o - a wand of paralysis (5)
Scrolls
 b - 2 scrolls of teleportation {unknown}
 e - a scroll of amnesia {unknown}
 h - 3 scrolls of identify {unknown}
 n - a scroll of remove curse {unknown}
 q - a scroll of fog {unknown}
Potions
 d - 2 potions of haste {unknown}
 g - a potion of brilliance {unknown}
 j - 2 potions of curing {unknown}
 k - a potion of degeneration {unknown}
 l - a potion of resistance {unknown}
 p - a potion of berserk rage {unknown}


   Skills:
 + Level 4.3 Dodging
 - Level 2.4 Stealth
 - Level 3.0 Spellcasting
 - Level 1.1 Transmutations
 * Level 5.9 Poison Magic


You had 5 spell levels left.
You knew the following spells:

 Your Spells              Type           Power        Failure   Level
a - Sting                 Tmut/Pois      ###.         3%          1
b - Olgreb's Toxic Radia  Pois           ####....     12%         4

Your spell library contained the following spells:

 Spells                   Type           Power        Failure   Level
 Poisonous Vapours        Pois/Air       ###...       6%          2
 Ignite Poison            Fire/Tmut/Pois ##......     16%         3
 Mephitic Cloud           Conj/Pois/Air  ##......     19%         3


Dungeon Overview and Level Annotations

Branches:
Dungeon (4/15)
 Temple: D:4-7

Altars:
Ashenzari


Message History

The ogre is moderately wounded.
Casting: Sting (safe; 3% risk of failure)
Confirm with . or Enter, or press ? or * to list all spells.
Aiming: Sting (safe; 3% risk of failure)
Press: ? - help, Shift-Dir - straight line, f/p - ogre
Aim: an ogre, wielding a +0 giant club (heavily wounded, poisoned)
The sting hits the ogre.
The ogre looks even sicker.
The ogre is heavily wounded.
The ogre hits you with a +0 giant club!
Ouch! That really hurt!
Casting: Sting (safe; 3% risk of failure)
Confirm with . or Enter, or press ? or * to list all spells.
Aiming: Sting (safe; 3% risk of failure)
Press: ? - help, Shift-Dir - straight line, f/p - ogre
Aim: an ogre, wielding a +0 giant club (heavily wounded, very poisoned)
The sting hits the ogre.
The ogre looks even sicker.
The ogre is severely wounded.
The ogre hits you with a +0 giant club!
Ouch! That really hurt!
You die...

#. ######### ...
.... ..# #..
##.#.##.#
#..###..##.#.######
#..#.....#.....@O.#
##..#.#...#.#.####.#
....>.##....#.#
#.#####
##..†.........#
#.....#
###...##.#.###
#####.# #.#..#...#
#.# ####[)..#####
#.# ..##.#.#######
### #.#
#.##.#.#[....# ...
...


You could see an ogre (very poisoned).

Vanquished Creatures
  An orc wizard (D:3)
  2 orc priests (D:3)
  A worker ant (D:4)
  4 adders
  A worm (D:3)
  2 leopard geckos
  6 orcs
  4 giant cockroaches
  6 goblins
  2 hobgoblins
  2 quokkas
  A ball python (D:3)
  A bat (D:1)
  A frilled lizard (D:1)
  3 kobolds
  A rat (D:1)
38 creatures vanquished.

Notes
Turn   | Place    | Note
-------+----------+-------------------------------------------
     0 | D:1      | Lanoc the Deep Elf Venom Mage began the quest for the Orb.
     0 | D:1      | Reached XP level 1. HP: 10/10 MP: 6/6
   247 | D:1      | Reached XP level 2. HP: 15/15 MP: 6/8
   447 | D:3      | Reached skill level 4 in Poison Magic
   603 | D:3      | Reached XP level 3. HP: 19/19 MP: 9/9
   838 | D:3      | Reached XP level 4. HP: 24/24 MP: 10/10
   888 | D:3      | Reached skill level 5 in Poison Magic
  1111 | D:3      | Found a broken altar of Ashenzari.
  1246 | D:3      | Reached XP level 5. HP: 13/28 MP: 11/11
  1758 | D:4      | Learned a level 4 spell: Olgreb's Toxic Radiance
  2226 | D:4      | Noticed an ogre
  2241 | D:4      | Slain by an ogre

Illustrated notes

Levels and vault maps discovered:
D:1:      heliophobic_arrival_dark_side_of_the_moon, layout_rooms,
          hangedman_decor_slide_cut
D:2:      layout_basic, chequers_temple_overflow_statue_of_worship,
          nicolae_tso_carved_into_rock
D:3:      layout_loops_ring, ashenzari_altar_1, chequers_garden, corner_web_ring
D:4:      layout_loops_cross, lemuel_round_altar, marbit_many_paths,
          serial_glass, glass_columns_a, glass_columns_c, glass_columns_a,
          glass_columns_a, glass_columns_c, glass_columns_c, feat_on_display,
          minmay_strange_pillars

Skill      XL: |  1  2  3  4 |
---------------+-------------+-----
Dodging        | 3 4 |  4.3
Poison Magic   | 4 5 |  5.9
Stealth        | |  2.4
Spellcasting   | |  3.0
Transmutations | |  1.1

Action                   |  1- 3 |  4- 6 || total
-------------------------+-------+-------++-------
 Cast: Sting             |    44 |    65 ||   109
Armor: Robe              |     5 |     6 ||    11
Dodge: Dodged            |     8 |    22 ||    30

Table legend: (Time is in decaauts)
 A = Elapsed time spent in this place.
 B = Non-inter-level travel time spent in this place.
 C = Inter-level travel time spent in this place.
 D = Time resting spent in this place.
 E = Time spent auto-exploring this place.
 F = Levels seen in this place.
 G = Mean time per level.
                   A        B        C        D        E       F      G
               +--------+--------+--------+--------+--------+-----+--------+
         Total |   2239 |   2217 |     22 |     22 |   1874 |   4 |  559.8 |
       Dungeon |   2239 |   2217 |     22 |     22 |   1874 |   4 |  559.8 |
               +--------+--------+--------+--------+--------+-----+--------+

Top non-repeatable levels by time:
     D:3: 1363 daAuts
     D:4: 500 daAuts
     D:1: 324 daAuts
     D:2: 50 daAuts
